Jets vs Devils

Created - 23 septembre 2019 at 15:18

Simulating a Pre-Season

Goals
1 2 3 T
Jets 0 3 1 4
Devils 0 1 1 2
Shots
1 2 3 T
Jets 9 12 9 30
Devils 11 9 17 37

1st period

No Goal

Penalties :
Josh Manson (WIN) for Tripping (Minor) at 0:55, Kevin Connauton (NJD) for Kneeing (Minor) at 10:04

2nd period

1. Jets , Alex Galchenyuk 1 (Nathan MacKinnon 1, Mark Pysyk 1) at 5:08
2. Jets , Zach Aston-Reese 1 (Jimmy Vesey 1, Troy Brouwer 1) at 11:39
3. Jets , Mike Sgarbossa 1 (Victor Olofsson 1) at 15:18
4. Devils , Kyle Turris 1 (Dominik Kahun 1) at 18:37

Penalties :
No Penalty

3rd period

5. Devils , Reilly Smith 1 (Ryan Ellis 1, Alex DeBrincat 1) at 0:55
6. Jets , Troy Brouwer 1 (Zach Aston-Reese 1, Jimmy Vesey 2) at 7:06

Penalties :
Colton Sissons (WIN) for Hooking (Minor) at 2:43, Thomas Hickey (NJD) for Hooking (Minor) at 14:51, Thomas Hickey (NJD) for Hooking (Minor) at 18:53

Goalie Stats

Craig Anderson (WIN), 35 saves from 37 shots - (0,946), W, 1-0-0, 60:00 minutes
Jaroslav Halak (NJD), 26 saves from 30 shots - (0,867), L, 0-1-0, 60:00 minutes

Players Stats for Jets

Player Name              G  A  P  +/- PIM S  H  SB GA TA FO     MP     PP MP  PK MP  
------------------------------------------------------------------------------------
Alex Galchenyuk          1  0  1   1  0   5  0  1  0  0  0/1    21:00   2:41   1:49 
Brett Ritchie            0  0  0  -2  0   0  1  0  0  0  0/0    12:05   0:00   0:00 
Colton Sissons           0  0  0   1  2   1  2  0  0  0  2/6    20:16   2:41   0:53 
Frederick Gaudreau       0  0  0   0  0   0  0  0  0  0  0/0     0:09   0:07   0:00 
Jimmy Vesey              0  2  2   2  0   3  1  0  0  1  0/0    16:14   2:16   1:34 
Jonathan Ericsson        0  0  0   2  0   0  1  4  1  1  0/0    19:54   2:08   1:35 
Josh Manson              0  0  0   0  2   1  3  0  0  1  0/0    26:34   2:56   1:24 
Josh Morrissey           0  0  0   0  0   3  0  2  0  0  0/0    24:39   2:56   2:23 
Logan Day                0  0  0   0  0   0  0  0  0  0  0/0     2:55   0:00   0:00 
Mark Pysyk               0  1  1   2  0   1  1  1  0  1  0/0    19:54   2:08   1:35 
Matt Hunwick             0  0  0   0  0   0  0  0  0  0  0/0    13:32   0:00   0:59 
Matt Luff                0  0  0   1  0   1  0  1  2  0  0/0     9:45   0:00   0:00 
Mike Sgarbossa           1  0  1   1  0   2  0  0  1  0  4/7     9:45   0:00   0:00 
Nate Prosser             0  0  0   0  0   0  0  0  0  0  0/0    12:32   0:00   0:00 
Nathan MacKinnon         0  1  1   1  0   3  0  1  1  1  17/35  21:13   2:48   1:53 
Troy Brouwer             1  1  2   2  0   2  2  0  1  1  0/0    14:39   2:16   0:00 
Troy Terry               0  0  0  -2  0   0  0  0  0  0  0/5    13:08   0:00   0:51 
Victor Olofsson          0  1  1   1  0   3  1  0  0  0  1/1     9:45   0:00   0:00 
Wayne Simmonds           0  0  0  -2  0   3  3  1  0  0  0/0    12:14   0:07   0:00 
Zach Aston-Reese         1  1  2   2  0   2  3  0  1  0  3/8    15:47   2:16   0:56 

Players Stats for Devils

Player Name              G  A  P  +/- PIM S  H  SB GA TA FO     MP     PP MP  PK MP  
------------------------------------------------------------------------------------
Alec Martinez            0  0  0  -1  0   5  4  0  0  0  0/0    22:10   1:33   2:20 
Alex DeBrincat           0  1  1   0  0   7  0  0  2  0  0/0    17:27   2:16   0:00 
Andrew Mangiapane        0  0  0   0  0   3  1  0  0  0  0/0    10:30   0:00   2:24 
Brayden Point            0  0  0  -2  0   4  0  1  1  0  1/1    18:20   1:42   0:07 
Cal O'Reilly             0  0  0   0  0   3  0  0  0  0  4/8    10:46   0:00   2:28 
Dominik Kahun            0  1  1   0  0   2  1  0  0  0  0/2    10:58   0:00   0:00 
Jared Spurgeon           0  0  0  -1  0   0  1  3  1  0  0/0    22:22   1:33   2:44 
Jeff Skinner             0  0  0  -2  0   0  0  0  0  2  1/2    17:55   1:42   0:00 
Kevin Connauton          0  0  0   0  2   0  1  0  0  1  0/0    16:13   0:00   2:13 
Kyle Turris              1  0  1   0  0   4  1  1  1  0  5/5    11:39   0:00   0:11 
Marcus Johansson         0  0  0   0  0   1  1  0  0  1  0/0    10:58   0:00   0:00 
Patrice Bergeron         0  0  0  -2  0   1  0  1  0  2  13/21  17:55   1:42   0:00 
Rasmus Ristolainen       0  0  0  -1  0   1  0  0  0  1  0/0    21:45   2:25   0:10 
Reilly Smith             1  0  1   0  0   4  2  0  0  0  1/2    19:56   2:16   2:29 
Ryan Ellis               0  1  1  -1  0   1  0  1  1  0  0/0    23:00   2:25   1:25 
Thomas Hickey            0  0  0   0  4   0  0  0  0  0  0/0    14:57   0:00   1:16 
Tyler Johnson            0  0  0   0  0   1  1  0  0  0  9/20   17:27   2:16   0:00 
Zack Smith               0  0  0   0  0   0  1  0  0  0  2/2    10:35   0:00   2:29 

3 Stars

1 - Zach Aston-Reese (WIN)
2 - Troy Brouwer (WIN)
3 - Craig Anderson (WIN)

Power Play

Jets - 0 on 3 Attempt(s) - 0,00%
Devils - 0 on 2 Attempt(s) - 0,00%

Penalty Kill

Jets - 2 on 2 Attempt(s) - 100,00% - Score 0 goal in Penalty Kill
Devils - 3 on 3 Attempt(s) - 100,00% - Score 0 goal in Penalty Kill

Team Stat

Jets - Hits : 18 - Faceoff Wins : 27 - Blocked Shots : 11 - Penalty Minutes : 4
Devils - Hits : 14 - Faceoff Wins : 36 - Blocked Shots : 7 - Penalty Minutes : 6

Official

Referees : Mike Leggo and Mark Lemelin
Linesman : Shane Heyer and Mark Wheler

Game Notes

10:07 of 3rd period - Devils goal is going for a video replay. After video review, No Goal. The goalkeeper has been pushed into the net together with the puck after making a save.

Jets

5 vs 5 Forward 
   Center                   Left Wing                Right Wing               Time % Phy DF OF 
 1 Nathan MacKinnon         Alex Galchenyuk          Colton Sissons           40     1   2  2  
 2 Zach Aston-Reese         Jimmy Vesey              Troy Brouwer             30     1   2  2  
 3 Troy Terry               Wayne Simmonds           Brett Ritchie            20     1   2  2  
 4 Mike Sgarbossa           Victor Olofsson          Matt Luff                10     1   2  2  

5 vs 5 Defense 
   Defense                  Defense                                           Time % Phy DF OF 
 1 Josh Manson              Josh Morrissey                                    40     1   2  2  
 2 Jonathan Ericsson        Mark Pysyk                                        30     1   2  2  
 3 Nate Prosser             Matt Hunwick                                      20     1   2  2  
 4 Logan Day                Josh Manson                                       10     1   2  2  

PowerPlay Forward 
   Center                   Left Wing                Right Wing               Time % Phy DF OF 
 1 Nathan MacKinnon         Alex Galchenyuk          Colton Sissons           60     1   2  2  
 2 Zach Aston-Reese         Jimmy Vesey              Troy Brouwer             40     1   2  2  

PowerPlay Defense
   Defense                  Defense                                           Time % Phy DF OF 
 1 Josh Manson              Josh Morrissey                                    60     1   2  2  
 2 Jonathan Ericsson        Mark Pysyk                                        40     1   2  2  

Penalty Kill 4 Players Forward 
   Center                   Wing                     Time % Phy DF OF 
 1 Nathan MacKinnon         Alex Galchenyuk          60     1   2  2  
 2 Colton Sissons           Jimmy Vesey              40     1   2  2  

Penalty Kill 4 Players Defense
   Defense                  Defense                  Time % Phy DF OF 
 1 Josh Manson              Josh Morrissey           60     1   2  2  
 2 Jonathan Ericsson        Mark Pysyk               40     1   2  2  

Penalty Kill - 3 Players Forward 
   Forward                                           Time % Phy DF OF 
 1 Nathan MacKinnon                                  60     1   2  2  
 2 Alex Galchenyuk                                   40     1   2  2  

Penalty Kill - 3 Players Defense
   Defense                  Defense                  Time % Phy DF OF 
 1 Josh Manson              Josh Morrissey           60     1   2  2  
 2 Jonathan Ericsson        Mark Pysyk               40     1   2  2  

4 vs 4 Forward 
   Center                   Wing                     Time % Phy DF OF 
 1 Nathan MacKinnon         Alex Galchenyuk          60     1   2  2  
 2 Colton Sissons           Jimmy Vesey              40     1   2  2  

4 vs 4 Defense
   Defense                  Defense                  Time % Phy DF OF 
 1 Josh Manson              Josh Morrissey           60     1   2  2  
 2 Jonathan Ericsson        Mark Pysyk               40     1   2  2  

Last Minutes Offensive
   Center                   Left Wing                Right Wing               Defense                  Defense                  
   Nathan MacKinnon         Alex Galchenyuk          Colton Sissons           Josh Manson              Josh Morrissey           

Last Minutes Defensive
   Center                   Left Wing                Right Wing               Defense                  Defense                  
   Nathan MacKinnon         Alex Galchenyuk          Colton Sissons           Josh Manson              Josh Morrissey           

Goaltenders
Starting : Craig Anderson           
Backup : Jonathan Bernier         

Extra Forwards
Normal : Frederick Gaudreau, Wayne Simmonds, Troy Terry - PP : Frederick Gaudreau, Wayne Simmonds - PK : Troy Terry
Extra Defensemen
Normal : Nate Prosser, Matt Hunwick, Logan Day - PP : Nate Prosser - PK : Matt Hunwick, Logan Day
Penalty Shots
Nathan MacKinnon, Alex Galchenyuk, Colton Sissons, Jimmy Vesey, Troy Brouwer
Custom OT Lines Forwards
Nathan MacKinnon, Alex Galchenyuk, Colton Sissons, Jimmy Vesey, Troy Brouwer, Wayne Simmonds, Zach Aston-Reese, Troy Terry, Mike Sgarbossa, Brett Ritchie
Custom OT Lines Defensemen
Josh Manson, Josh Morrissey, Jonathan Ericsson, Mark Pysyk, Nate Prosser

Scratches
Martin Hanzal (Healthy), Stefan Elliott (Healthy), Hubert Labrie (Healthy), Jordan Gross (Healthy), Drake Rymsha (Healthy)
Anthony Louis (Healthy), Axel Jonsson-Fjallby (Healthy)

Devils

5 vs 5 Forward 
   Center                   Left Wing                Right Wing               Time % Phy DF OF 
 1 Patrice Bergeron         Brayden Point            Jeff Skinner             34     0   1  4  
 2 Tyler Johnson            Reilly Smith             Alex DeBrincat           32     0   1  4  
 3 Kyle Turris              Marcus Johansson         Dominik Kahun            23     0   2  3  
 4 Cal O'Reilly             Zack Smith               Andrew Mangiapane        11     0   2  2  

5 vs 5 Defense 
   Defense                  Defense                                           Time % Phy DF OF 
 1 Rasmus Ristolainen       Ryan Ellis                                        35     1   2  2  
 2 Jared Spurgeon           Alec Martinez                                     35     1   3  1  
 3 Kevin Connauton          Thomas Hickey                                     28     1   3  1  
 4 Rasmus Ristolainen       Ryan Ellis                                        2      1   3  1  

PowerPlay Forward 
   Center                   Left Wing                Right Wing               Time % Phy DF OF 
 1 Patrice Bergeron         Brayden Point            Jeff Skinner             60     0   0  5  
 2 Tyler Johnson            Reilly Smith             Alex DeBrincat           40     0   0  5  

PowerPlay Defense
   Defense                  Defense                                           Time % Phy DF OF 
 1 Rasmus Ristolainen       Ryan Ellis                                        50     1   2  2  
 2 Jared Spurgeon           Alec Martinez                                     50     1   2  2  

Penalty Kill 4 Players Forward 
   Center                   Wing                     Time % Phy DF OF 
 1 Zack Smith               Reilly Smith             50     1   4  0  
 2 Cal O'Reilly             Andrew Mangiapane        50     1   4  0  

Penalty Kill 4 Players Defense
   Defense                  Defense                  Time % Phy DF OF 
 1 Kevin Connauton          Thomas Hickey            60     1   4  0  
 2 Ryan Ellis               Alec Martinez            40     1   4  0  

Penalty Kill - 3 Players Forward 
   Forward                                           Time % Phy DF OF 
 1 Zack Smith                                        60     1   4  0  
 2 Reilly Smith                                      40     1   4  0  

Penalty Kill - 3 Players Defense
   Defense                  Defense                  Time % Phy DF OF 
 1 Kevin Connauton          Ryan Ellis               50     1   4  0  
 2 Thomas Hickey            Alec Martinez            50     1   4  0  

4 vs 4 Forward 
   Center                   Wing                     Time % Phy DF OF 
 1 Patrice Bergeron         Brayden Point            60     0   1  4  
 2 Jeff Skinner             Alex DeBrincat           40     0   1  4  

4 vs 4 Defense
   Defense                  Defense                  Time % Phy DF OF 
 1 Rasmus Ristolainen       Ryan Ellis               50     1   2  2  
 2 Jared Spurgeon           Alec Martinez            50     1   2  2  

Last Minutes Offensive
   Center                   Left Wing                Right Wing               Defense                  Defense                  
   Patrice Bergeron         Brayden Point            Jeff Skinner             Rasmus Ristolainen       Ryan Ellis               

Last Minutes Defensive
   Center                   Left Wing                Right Wing               Defense                  Defense                  
   Patrice Bergeron         Brayden Point            Jeff Skinner             Rasmus Ristolainen       Ryan Ellis               

Goaltenders
Starting : Jaroslav Halak           
Backup : Sergei Bobrovsky         

Extra Forwards
Normal : Zack Smith, Marcus Johansson, Kyle Turris - PP : Zack Smith, Marcus Johansson - PK : Kyle Turris
Extra Defensemen
Normal : Kevin Connauton, Thomas Hickey, Jared Spurgeon - PP : Kevin Connauton - PK : Thomas Hickey, Jared Spurgeon
Penalty Shots
Thomas Hickey, Kyle Turris, Ryan Ellis, Brayden Point, Patrice Bergeron
Custom OT Lines Forwards
Patrice Bergeron, Brayden Point, Jeff Skinner, Reilly Smith, Alex DeBrincat, Tyler Johnson, Zack Smith, Marcus Johansson, Kyle Turris, Cal O'Reilly
Custom OT Lines Defensemen
Rasmus Ristolainen, Ryan Ellis, Jared Spurgeon, Alec Martinez, Kevin Connauton

Scratches
None


% Time on Ice - Jets

Lines # - Real PCT - Wanted PCT - Time Play
Normal Forward
1 - 33% - 40% - 16:44
2 - 24% - 30% - 12:24
3 - 24% - 20% - 12:05
4 - 19% - 10% - 9:45
Normal Defense
1 - 38% - 40% - 19:20
2 - 32% - 30% - 16:11
3 - 25% - 20% - 12:32
4 - 6% - 10% - 2:55
PP Forward
1 - 55% - 60% - 2:48
2 - 45% - 40% - 2:16
PP Defense
1 - 58% - 60% - 2:56
2 - 42% - 40% - 2:08
PK Forward
1 - 71% - 60% - 2:49
2 - 29% - 40% - 1:09
PK Defense
1 - 60% - 60% - 2:23
2 - 40% - 40% - 1:35
PK3 Forward
1 - 0% - 60%
2 - 0% - 40%
PK3 Defense
1 - 0% - 60%
2 - 0% - 40%
44 Forward
1 - 0% - 60%
2 - 0% - 40%
44 Defense
1 - 0% - 60%
2 - 0% - 40%
Last Minute Offensive  - 0:00
Last Minute Defensive  - 0:00
Total
Forward - 60:00
Defense - 60:00

% Time on Ice - Devils

Lines # - Real PCT - Wanted PCT - Time Play
Normal Forward
1 - 32% - 34% - 16:31
2 - 30% - 32% - 15:23
3 - 22% - 23% - 10:58
4 - 16% - 11% - 8:06
Normal Defense
1 - 38% - 35% - 19:22
2 - 35% - 35% - 18:05
3 - 27% - 28% - 13:31
4 - 0% - 2% - 0:00
PP Forward
1 - 43% - 60% - 1:42
2 - 57% - 40% - 2:16
PP Defense
1 - 61% - 50% - 2:25
2 - 39% - 50% - 1:33
PK Forward
1 - 51% - 50% - 2:36
2 - 49% - 50% - 2:28
PK Defense
1 - 72% - 60% - 3:39
2 - 28% - 40% - 1:25
PK3 Forward
1 - 0% - 60%
2 - 0% - 40%
PK3 Defense
1 - 0% - 50%
2 - 0% - 50%
44 Forward
1 - 0% - 60%
2 - 0% - 40%
44 Defense
1 - 0% - 50%
2 - 0% - 50%
Last Minute Offensive  - 0:00
Last Minute Defensive  - 0:00
Total
Forward - 60:00
Defense - 60:00

Play-by-Play

1st period


0:01 of 1st period - Nathan MacKinnon wins face-off versus Patrice Bergeron in neutral zone.
0:06 of 1st period - Wrist shot by Alex Galchenyuk.
0:06 of 1st period - Stopped by Jaroslav Halak without a rebound.
0:07 of 1st period - Colton Sissons wins face-off versus Patrice Bergeron in Devils zone.
0:12 of 1st period - Slapshot by Alex Galchenyuk.
0:12 of 1st period - Shot Misses the Net.
0:55 of 1st period - Minor Penalty to Josh Manson for Tripping.
0:56 of 1st period - Nathan MacKinnon wins face-off versus Tyler Johnson in Jets zone.
1:01 of 1st period - Icing by Alex DeBrincat.
1:02 of 1st period - Nathan MacKinnon wins face-off versus Tyler Johnson in Devils zone.
1:03 of 1st period - Snap shot by Alex Galchenyuk.
1:03 of 1st period - Stopped by Jaroslav Halak with a rebound.
1:09 of 1st period - Snap shot by Alex DeBrincat.
1:09 of 1st period - Stopped by Craig Anderson without a rebound.
1:10 of 1st period - Patrice Bergeron wins face-off versus Colton Sissons in Jets zone.
1:13 of 1st period - Wrist shot by Patrice Bergeron.
1:13 of 1st period - Deflect By Brayden Point.
1:13 of 1st period - Stopped by Craig Anderson with a rebound.
1:15 of 1st period - Slapshot by Patrice Bergeron.
1:15 of 1st period - Deflect By Josh Morrissey.
1:15 of 1st period - Shot Misses the Net.
1:15 of 1st period - Puck is out of play.
1:16 of 1st period - Colton Sissons wins face-off versus Patrice Bergeron in Jets zone.
1:25 of 1st period - Snap shot by Colton Sissons.
1:25 of 1st period - Shot Misses the Net.
1:45 of 1st period - Wrist shot by Tyler Johnson.
1:45 of 1st period - Stopped by Craig Anderson without a rebound.
1:46 of 1st period - Nathan MacKinnon wins face-off versus Tyler Johnson in Jets zone.
2:13 of 1st period - Jonathan Ericsson is hit by Jared Spurgeon and loses puck.
2:55 of 1st period - Penalty to Josh Manson is over, Josh Manson is back on ice.
3:39 of 1st period - Snap shot by Zack Smith.
3:39 of 1st period - Shot Misses the Net.
3:41 of 1st period - Slapshot by Alec Martinez.
3:41 of 1st period - Shot Misses the Net.
3:50 of 1st period - Off-side.
3:51 of 1st period - Mike Sgarbossa wins face-off versus Patrice Bergeron in neutral zone.
4:29 of 1st period - Wrist shot by Alex DeBrincat.
4:29 of 1st period - Stopped by Craig Anderson with a rebound.
4:53 of 1st period - Snap shot by Dominik Kahun.
4:53 of 1st period - Shot Misses the Net.
5:09 of 1st period - Ryan Ellis is hit by Wayne Simmonds and loses puck.
5:53 of 1st period - Snap shot by Alex DeBrincat.
5:53 of 1st period - Stopped by Craig Anderson with a rebound.
6:11 of 1st period - Jared Spurgeon is hit by Troy Brouwer.
7:08 of 1st period - Nathan MacKinnon is hit by Tyler Johnson and loses puck.
7:53 of 1st period - Brett Ritchie is hit by Andrew Mangiapane and loses puck.
8:34 of 1st period - Josh Morrissey is hit by Alec Martinez and loses puck.
8:43 of 1st period - Snap shot by Reilly Smith.
8:43 of 1st period - Shot Blocked by Matt Luff.
9:17 of 1st period - Jared Spurgeon is hit by Troy Brouwer.
10:01 of 1st period - Off-side.
10:02 of 1st period - Tyler Johnson wins face-off versus Nathan MacKinnon in neutral zone.
10:04 of 1st period - Minor Penalty to Kevin Connauton for Kneeing.
10:05 of 1st period - Zack Smith wins face-off versus Nathan MacKinnon in Devils zone.
10:05 of 1st period - Zack Smith is hit by Josh Manson.
10:32 of 1st period - Troy Brouwer is hit by Zack Smith.
12:03 of 1st period - Mark Pysyk is hit by Alec Martinez.
12:04 of 1st period - Penalty to Kevin Connauton is over, Kevin Connauton is back on ice.
12:21 of 1st period - Wrist shot by Brayden Point.
12:21 of 1st period - Stopped by Craig Anderson without a rebound.
12:22 of 1st period - Tyler Johnson wins face-off versus Mike Sgarbossa in Jets zone.
12:23 of 1st period - Snap shot by Alex DeBrincat.
12:23 of 1st period - Shot Misses the Net.
12:25 of 1st period - Snap shot by Alex DeBrincat.
12:25 of 1st period - Shot Misses the Net.
12:27 of 1st period - Slapshot by Reilly Smith.
12:27 of 1st period - Shot Misses the Net.
12:44 of 1st period - Off-side.
12:45 of 1st period - Brayden Point wins face-off versus Troy Terry in neutral zone.
13:20 of 1st period - Snap shot by Wayne Simmonds.
13:20 of 1st period - Stopped by Jaroslav Halak without a rebound.
13:21 of 1st period - Tyler Johnson wins face-off versus Nathan MacKinnon in Devils zone.
13:50 of 1st period - Off-side.
13:51 of 1st period - Kyle Turris wins face-off versus Zach Aston-Reese in neutral zone.
14:00 of 1st period - Snap shot by Jimmy Vesey.
14:00 of 1st period - Stopped by Jaroslav Halak without a rebound.
14:01 of 1st period - Nathan MacKinnon wins face-off versus Dominik Kahun in Devils zone.
14:14 of 1st period - Snap shot by Alex Galchenyuk.
14:14 of 1st period - Shot Blocked by Jared Spurgeon.
14:16 of 1st period - Slapshot by Josh Morrissey.
14:16 of 1st period - Deflect By Alec Martinez.
14:16 of 1st period - Stopped by Jaroslav Halak with a rebound.
14:18 of 1st period - Slapshot by Josh Manson.
14:18 of 1st period - Stopped by Jaroslav Halak without a rebound.
14:19 of 1st period - Zach Aston-Reese wins face-off versus Tyler Johnson in Devils zone.
14:45 of 1st period - Rasmus Ristolainen is hit by Josh Manson and loses puck.
14:54 of 1st period - Snap shot by Alex Galchenyuk.
14:54 of 1st period - Deflect By Nathan MacKinnon.
14:54 of 1st period - Stopped by Jaroslav Halak with a rebound.
15:22 of 1st period - Marcus Johansson is hit by Wayne Simmonds and loses puck.
15:51 of 1st period - Slapshot by Cal O'Reilly.
15:51 of 1st period - Shot Blocked by Alex Galchenyuk.
15:53 of 1st period - Slapshot by Rasmus Ristolainen.
15:53 of 1st period - Deflect By Nathan MacKinnon.
15:53 of 1st period - Stopped by Craig Anderson without a rebound.
15:54 of 1st period - Nathan MacKinnon wins face-off versus Cal O'Reilly in Jets zone.
16:21 of 1st period - Andrew Mangiapane is hit by Zach Aston-Reese and loses puck.
16:32 of 1st period - Snap shot by Jared Spurgeon.
16:32 of 1st period - Deflect By Andrew Mangiapane.
16:32 of 1st period - Stopped by Craig Anderson with a rebound.
16:34 of 1st period - Slapshot by Alec Martinez.
16:34 of 1st period - Stopped by Craig Anderson with a rebound.
16:36 of 1st period - Snap shot by Cal O'Reilly.
16:36 of 1st period - Stopped by Craig Anderson without a rebound.
16:37 of 1st period - Tyler Johnson wins face-off versus Troy Terry in Jets zone.
16:38 of 1st period - Snap shot by Reilly Smith.
16:38 of 1st period - Shot Misses the Net.
16:44 of 1st period - Reilly Smith is hit by Wayne Simmonds and loses puck.
17:37 of 1st period - Wrist shot by Alex DeBrincat.
17:37 of 1st period - Shot Misses the Net.
17:49 of 1st period - Snap shot by Troy Terry.
17:49 of 1st period - Shot Blocked by Jared Spurgeon.
18:02 of 1st period - Off-side.
18:03 of 1st period - Patrice Bergeron wins face-off versus Nathan MacKinnon in neutral zone.
18:12 of 1st period - Wrist shot by Patrice Bergeron.
18:12 of 1st period - Shot Misses the Net.
18:14 of 1st period - Wrist shot by Brayden Point.
18:14 of 1st period - Stopped by Craig Anderson with a rebound.
18:55 of 1st period - Wrist shot by Mike Sgarbossa.
18:55 of 1st period - Stopped by Jaroslav Halak without a rebound.
18:56 of 1st period - Mike Sgarbossa wins face-off versus Cal O'Reilly in Devils zone.
19:53 of 1st period - Snap shot by Jimmy Vesey.
19:53 of 1st period - Shot Misses the Net.
19:55 of 1st period - Slapshot by Troy Brouwer.
19:55 of 1st period - Stopped by Jaroslav Halak with a rebound.
Goals for this period are 0 for Jets vs 0 for Devils.
Shots for this period are 9 for Jets vs 11 for Devils.

2nd period


0:01 of 2nd period - Patrice Bergeron wins face-off versus Nathan MacKinnon in neutral zone.
0:53 of 2nd period - Snap shot by Wayne Simmonds.
0:53 of 2nd period - Stopped by Jaroslav Halak without a rebound.
0:54 of 2nd period - Patrice Bergeron wins face-off versus Troy Terry in Devils zone.
0:54 of 2nd period - Patrice Bergeron is hit by Mark Pysyk.
1:20 of 2nd period - Jonathan Ericsson is hit by Marcus Johansson and loses puck.
1:31 of 2nd period - Slapshot by Marcus Johansson.
1:31 of 2nd period - Shot Blocked by Wayne Simmonds.
1:37 of 2nd period - Snap shot by Wayne Simmonds.
1:37 of 2nd period - Shot Misses the Net.
1:59 of 2nd period - Icing by Brett Ritchie.
2:00 of 2nd period - Cal O'Reilly wins face-off versus Troy Terry in Jets zone.
2:28 of 2nd period - Snap shot by Wayne Simmonds.
2:28 of 2nd period - Stopped by Jaroslav Halak without a rebound.
2:29 of 2nd period - Tyler Johnson wins face-off versus Nathan MacKinnon in Devils zone.
2:38 of 2nd period - Slapshot by Nathan MacKinnon.
2:38 of 2nd period - Stopped by Jaroslav Halak without a rebound.
2:39 of 2nd period - Tyler Johnson wins face-off versus Nathan MacKinnon in Devils zone.
2:43 of 2nd period - Off-side.
2:44 of 2nd period - Nathan MacKinnon wins face-off versus Patrice Bergeron in neutral zone.
2:47 of 2nd period - Slapshot by Colton Sissons.
2:47 of 2nd period - Shot Blocked by Brayden Point.
3:11 of 2nd period - Alex DeBrincat is hit by Zach Aston-Reese and loses puck.
4:36 of 2nd period - Wrist shot by Victor Olofsson.
4:36 of 2nd period - Stopped by Jaroslav Halak with a rebound.
5:00 of 2nd period - Off-side.
5:01 of 2nd period - Patrice Bergeron wins face-off versus Nathan MacKinnon in neutral zone.
5:08 of 2nd period - Wrist shot by Alex Galchenyuk.
5:08 of 2nd period - Goal by Alex Galchenyuk - Jets : 1 - Devils : 0.
5:09 of 2nd period - Patrice Bergeron wins face-off versus Colton Sissons in neutral zone.
5:20 of 2nd period - Snap shot by Jeff Skinner.
5:20 of 2nd period - Shot Misses the Net.
5:22 of 2nd period - Slapshot by Patrice Bergeron.
5:22 of 2nd period - Shot Misses the Net.
5:47 of 2nd period - Wrist shot by Alex Galchenyuk.
5:47 of 2nd period - Deflect By Colton Sissons.
5:47 of 2nd period - Stopped by Jaroslav Halak with a rebound.
6:07 of 2nd period - Wrist shot by Kyle Turris.
6:07 of 2nd period - Stopped by Craig Anderson with a rebound.
6:09 of 2nd period - Snap shot by Jared Spurgeon.
6:09 of 2nd period - Deflect By Marcus Johansson.
6:09 of 2nd period - Shot Misses the Net.
6:09 of 2nd period - Puck is out of play.
6:10 of 2nd period - Zach Aston-Reese wins face-off versus Tyler Johnson in Jets zone.
6:21 of 2nd period - Snap shot by Zach Aston-Reese.
6:21 of 2nd period - Shot Misses the Net.
7:42 of 2nd period - Snap shot by Zack Smith.
7:42 of 2nd period - Shot Misses the Net.
8:27 of 2nd period - Josh Manson is hit by Alec Martinez and loses puck.
8:44 of 2nd period - Wrist shot by Jimmy Vesey.
8:44 of 2nd period - Shot Blocked by Patrice Bergeron.
9:00 of 2nd period - Marcus Johansson is hit by Colton Sissons and loses puck.
9:15 of 2nd period - Andrew Mangiapane is hit by Victor Olofsson and loses puck.
9:40 of 2nd period - Icing by Alex DeBrincat.
9:41 of 2nd period - Nathan MacKinnon wins face-off versus Tyler Johnson in Devils zone.
11:37 of 2nd period - Wrist shot by Zach Aston-Reese.
11:37 of 2nd period - Stopped by Jaroslav Halak with a rebound.
11:39 of 2nd period - Wrist shot by Zach Aston-Reese.
11:39 of 2nd period - Goal by Zach Aston-Reese - Jets : 2 - Devils : 0.
11:40 of 2nd period - Nathan MacKinnon wins face-off versus Tyler Johnson in neutral zone.
11:53 of 2nd period - Wrist shot by Alex Galchenyuk.
11:53 of 2nd period - Deflect By Nathan MacKinnon.
11:53 of 2nd period - Stopped by Jaroslav Halak without a rebound.
11:54 of 2nd period - Nathan MacKinnon wins face-off versus Patrice Bergeron in Devils zone.
11:55 of 2nd period - Snap shot by Alex Galchenyuk.
11:55 of 2nd period - Deflect By Rasmus Ristolainen.
11:55 of 2nd period - Shot Blocked by Ryan Ellis.
11:55 of 2nd period - Puck is out of play.
11:56 of 2nd period - Patrice Bergeron wins face-off versus Nathan MacKinnon in Devils zone.
12:30 of 2nd period - Icing by Josh Manson.
12:31 of 2nd period - Tyler Johnson wins face-off versus Zach Aston-Reese in Jets zone.
12:48 of 2nd period - Snap shot by Tyler Johnson.
12:48 of 2nd period - Shot Misses the Net.
12:55 of 2nd period - Icing by Josh Morrissey.
12:56 of 2nd period - Patrice Bergeron wins face-off versus Zach Aston-Reese in Jets zone.
13:07 of 2nd period - Snap shot by Patrice Bergeron.
13:07 of 2nd period - Stopped by Craig Anderson without a rebound.
13:08 of 2nd period - Kyle Turris wins face-off versus Alex Galchenyuk in Jets zone.
13:09 of 2nd period - Slapshot by Marcus Johansson.
13:09 of 2nd period - Stopped by Craig Anderson with a rebound.
13:11 of 2nd period - Slapshot by Alec Martinez.
13:11 of 2nd period - Stopped by Craig Anderson with a rebound.
13:13 of 2nd period - Wrist shot by Marcus Johansson.
13:13 of 2nd period - Shot Blocked by Jonathan Ericsson.
13:15 of 2nd period - Snap shot by Kyle Turris.
13:15 of 2nd period - Shot Blocked by Nathan MacKinnon.
13:17 of 2nd period - Slapshot by Alec Martinez.
13:17 of 2nd period - Stopped by Craig Anderson with a rebound.
13:19 of 2nd period - Slapshot by Alec Martinez.
13:19 of 2nd period - Stopped by Craig Anderson without a rebound.
13:20 of 2nd period - Tyler Johnson wins face-off versus Nathan MacKinnon in Jets zone.
13:53 of 2nd period - Icing by Patrice Bergeron.
13:54 of 2nd period - Patrice Bergeron wins face-off versus Mike Sgarbossa in Devils zone.
15:18 of 2nd period - Wrist shot by Mike Sgarbossa.
15:18 of 2nd period - Goal by Mike Sgarbossa - Jets : 3 - Devils : 0.
15:19 of 2nd period - Kyle Turris wins face-off versus Nathan MacKinnon in neutral zone.
16:51 of 2nd period - Wrist shot by Alex DeBrincat.
16:51 of 2nd period - Stopped by Craig Anderson with a rebound.
17:01 of 2nd period - Tyler Johnson is hit by Jonathan Ericsson and loses puck.
17:52 of 2nd period - Snap shot by Alex Galchenyuk.
17:52 of 2nd period - Stopped by Jaroslav Halak with a rebound.
18:19 of 2nd period - Slapshot by Dominik Kahun.
18:19 of 2nd period - Stopped by Craig Anderson with a rebound.
18:21 of 2nd period - Wrist shot by Dominik Kahun.
18:21 of 2nd period - Deflect By Marcus Johansson.
18:21 of 2nd period - Shot Misses the Net.
18:21 of 2nd period - Puck is out of play.
18:22 of 2nd period - Kyle Turris wins face-off versus Troy Terry in Jets zone.
18:37 of 2nd period - Slapshot by Kyle Turris.
18:37 of 2nd period - Goal by Kyle Turris - Jets : 3 - Devils : 1.
18:38 of 2nd period - Nathan MacKinnon wins face-off versus Tyler Johnson in neutral zone.
18:55 of 2nd period - Wrist shot by Alex Galchenyuk.
18:55 of 2nd period - Stopped by Jaroslav Halak without a rebound.
18:56 of 2nd period - Patrice Bergeron wins face-off versus Zach Aston-Reese in Devils zone.
19:35 of 2nd period - Josh Morrissey is hit by Reilly Smith.
19:39 of 2nd period - Alex DeBrincat is hit by Josh Manson and loses puck.
Goals for this period are 3 for Jets vs 1 for Devils.
Shots for this period are 12 for Jets vs 9 for Devils.

3rd period


0:01 of 3rd period - Nathan MacKinnon wins face-off versus Patrice Bergeron in neutral zone.
0:16 of 3rd period - Snap shot by Nathan MacKinnon.
0:16 of 3rd period - Shot Misses the Net.
0:35 of 3rd period - Slapshot by Josh Manson.
0:35 of 3rd period - Shot Blocked by Kyle Turris.
0:49 of 3rd period - Slapshot by Alex DeBrincat.
0:49 of 3rd period - Stopped by Craig Anderson with a rebound.
0:51 of 3rd period - Slapshot by Ryan Ellis.
0:51 of 3rd period - Shot Misses the Net.
0:53 of 3rd period - Slapshot by Ryan Ellis.
0:53 of 3rd period - Stopped by Craig Anderson with a rebound.
0:55 of 3rd period - Snap shot by Reilly Smith.
0:55 of 3rd period - Goal by Reilly Smith - Jets : 3 - Devils : 2.
0:56 of 3rd period - Patrice Bergeron wins face-off versus Nathan MacKinnon in neutral zone.
1:11 of 3rd period - Snap shot by Brayden Point.
1:11 of 3rd period - Shot Misses the Net.
1:39 of 3rd period - Josh Morrissey is hit by Kyle Turris.
2:11 of 3rd period - Matt Luff is hit by Kevin Connauton.
2:19 of 3rd period - Snap shot by Victor Olofsson.
2:19 of 3rd period - Stopped by Jaroslav Halak without a rebound.
2:20 of 3rd period - Jeff Skinner wins face-off versus Colton Sissons in Devils zone.
2:43 of 3rd period - Minor Penalty to Colton Sissons for Hooking.
2:44 of 3rd period - Nathan MacKinnon wins face-off versus Patrice Bergeron in Jets zone.
2:44 of 3rd period - Nathan MacKinnon is hit by Alec Martinez.
4:01 of 3rd period - Ryan Ellis is hit by Zach Aston-Reese and loses puck.
4:06 of 3rd period - Wrist shot by Jimmy Vesey.
4:06 of 3rd period - Stopped by Jaroslav Halak with a rebound.
4:43 of 3rd period - Penalty to Colton Sissons is over, Colton Sissons is back on ice.
4:52 of 3rd period - Slapshot by Alex DeBrincat.
4:52 of 3rd period - Stopped by Craig Anderson with a rebound.
4:54 of 3rd period - Snap shot by Reilly Smith.
4:54 of 3rd period - Deflect By Tyler Johnson.
4:54 of 3rd period - Shot Misses the Net.
4:54 of 3rd period - Puck is out of play.
4:55 of 3rd period - Victor Olofsson wins face-off versus Jeff Skinner in Jets zone.
5:12 of 3rd period - Snap shot by Patrice Bergeron.
5:12 of 3rd period - Deflect By Brayden Point.
5:12 of 3rd period - Shot Misses the Net.
5:12 of 3rd period - Puck is out of play.
5:13 of 3rd period - Nathan MacKinnon wins face-off versus Dominik Kahun in Jets zone.
5:51 of 3rd period - Wrist shot by Patrice Bergeron.
5:51 of 3rd period - Shot Misses the Net.
5:53 of 3rd period - Slapshot by Alec Martinez.
5:53 of 3rd period - Stopped by Craig Anderson with a rebound.
6:28 of 3rd period - Kevin Connauton is hit by Colton Sissons.
6:32 of 3rd period - Colton Sissons is hit by Dominik Kahun and loses puck.
7:04 of 3rd period - Wrist shot by Zach Aston-Reese.
7:04 of 3rd period - Shot Misses the Net.
7:06 of 3rd period - Slapshot by Troy Brouwer.
7:06 of 3rd period - Goal by Troy Brouwer - Jets : 4 - Devils : 2.
7:07 of 3rd period - Tyler Johnson wins face-off versus Nathan MacKinnon in neutral zone.
7:59 of 3rd period - Off-side.
8:00 of 3rd period - Cal O'Reilly wins face-off versus Nathan MacKinnon in neutral zone.
8:17 of 3rd period - Wrist shot by Alex Galchenyuk.
8:17 of 3rd period - Shot Blocked by Jared Spurgeon.
8:27 of 3rd period - Slapshot by Victor Olofsson.
8:27 of 3rd period - Shot Misses the Net.
8:29 of 3rd period - Wrist shot by Mark Pysyk.
8:29 of 3rd period - Stopped by Jaroslav Halak without a rebound.
8:30 of 3rd period - Mike Sgarbossa wins face-off versus Tyler Johnson in Devils zone.
8:45 of 3rd period - Wrist shot by Reilly Smith.
8:45 of 3rd period - Shot Blocked by Mark Pysyk.
8:47 of 3rd period - Snap shot by Rasmus Ristolainen.
8:47 of 3rd period - Deflect By Reilly Smith.
8:47 of 3rd period - Stopped by Craig Anderson with a rebound.
9:45 of 3rd period - Off-side.
9:46 of 3rd period - Nathan MacKinnon wins face-off versus Cal O'Reilly in neutral zone.
10:03 of 3rd period - Snap shot by Kevin Connauton.
10:03 of 3rd period - Shot Blocked by Josh Morrissey.
10:05 of 3rd period - Slapshot by Thomas Hickey.
10:05 of 3rd period - Shot Blocked by Josh Morrissey.
10:07 of 3rd period - Slapshot by Cal O'Reilly.
10:07 of 3rd period - Devils goal is going for a video replay.
10:07 of 3rd period - The goal is refused. The goalkeeper has been pushed into the net together with the puck after making a save..
10:08 of 3rd period - Zach Aston-Reese wins face-off versus Reilly Smith in Jets zone.
10:21 of 3rd period - Slapshot by Jimmy Vesey.
10:21 of 3rd period - Stopped by Jaroslav Halak with a rebound.
10:35 of 3rd period - Patrice Bergeron is hit by Brett Ritchie and loses puck.
10:58 of 3rd period - Snap shot by Marcus Johansson.
10:58 of 3rd period - Deflect By Kyle Turris.
10:58 of 3rd period - Stopped by Craig Anderson with a rebound.
11:00 of 3rd period - Slapshot by Kyle Turris.
11:00 of 3rd period - Stopped by Craig Anderson with a rebound.
11:02 of 3rd period - Wrist shot by Dominik Kahun.
11:02 of 3rd period - Stopped by Craig Anderson with a rebound.
11:26 of 3rd period - Slapshot by Josh Morrissey.
11:26 of 3rd period - Stopped by Jaroslav Halak without a rebound.
11:27 of 3rd period - Reilly Smith wins face-off versus Colton Sissons in Devils zone.
12:04 of 3rd period - Slapshot by Zach Aston-Reese.
12:04 of 3rd period - Shot Misses the Net.
12:19 of 3rd period - Snap shot by Dominik Kahun.
12:19 of 3rd period - Shot Misses the Net.
12:25 of 3rd period - Wrist shot by Kyle Turris.
12:25 of 3rd period - Shot Misses the Net.
12:27 of 3rd period - Snap shot by Jared Spurgeon.
12:27 of 3rd period - Shot Blocked by Jonathan Ericsson.
12:37 of 3rd period - Slapshot by Cal O'Reilly.
12:37 of 3rd period - Stopped by Craig Anderson without a rebound.
12:38 of 3rd period - Mike Sgarbossa wins face-off versus Cal O'Reilly in Jets zone.
12:43 of 3rd period - Snap shot by Andrew Mangiapane.
12:43 of 3rd period - Deflect By Matt Luff.
12:43 of 3rd period - Stopped by Craig Anderson without a rebound.
12:44 of 3rd period - Nathan MacKinnon wins face-off versus Tyler Johnson in Jets zone.
12:51 of 3rd period - Wrist shot by Alex DeBrincat.
12:51 of 3rd period - Shot Misses the Net.
12:53 of 3rd period - Snap shot by Reilly Smith.
12:53 of 3rd period - Shot Misses the Net.
13:01 of 3rd period - Slapshot by Reilly Smith.
13:01 of 3rd period - Stopped by Craig Anderson without a rebound.
13:02 of 3rd period - Patrice Bergeron wins face-off versus Zach Aston-Reese in Jets zone.
13:09 of 3rd period - Backhand shot by Brayden Point.
13:09 of 3rd period - Stopped by Craig Anderson with a rebound.
13:18 of 3rd period - Icing by Ryan Ellis.
13:19 of 3rd period - Patrice Bergeron wins face-off versus Nathan MacKinnon in Devils zone.
14:33 of 3rd period - Snap shot by Zack Smith.
14:33 of 3rd period - Shot Blocked by Jonathan Ericsson.
14:35 of 3rd period - Snap shot by Zack Smith.
14:35 of 3rd period - Shot Blocked by Jonathan Ericsson.
14:37 of 3rd period - Wrist shot by Andrew Mangiapane.
14:37 of 3rd period - Stopped by Craig Anderson without a rebound.
14:38 of 3rd period - Nathan MacKinnon wins face-off versus Tyler Johnson in Jets zone.
14:38 of 3rd period - Nathan MacKinnon is hit by Reilly Smith.
14:51 of 3rd period - Minor Penalty to Thomas Hickey for Hooking.
14:52 of 3rd period - Cal O'Reilly wins face-off versus Nathan MacKinnon in Devils zone.
15:51 of 3rd period - Alec Martinez is hit by Jimmy Vesey and loses puck.
16:51 of 3rd period - Penalty to Thomas Hickey is over, Thomas Hickey is back on ice.
16:58 of 3rd period - Slapshot by Victor Olofsson.
16:58 of 3rd period - Stopped by Jaroslav Halak with a rebound.
17:00 of 3rd period - Wrist shot by Matt Luff.
17:00 of 3rd period - Stopped by Jaroslav Halak with a rebound.
17:02 of 3rd period - Slapshot by Nate Prosser.
17:02 of 3rd period - Deflect By Matt Luff.
17:02 of 3rd period - Shot Misses the Net.
17:02 of 3rd period - Puck is out of play.
17:03 of 3rd period - Kyle Turris wins face-off versus Mike Sgarbossa in Devils zone.
17:33 of 3rd period - Snap shot by Matt Luff.
17:33 of 3rd period - Shot Misses the Net.
17:47 of 3rd period - Snap shot by Alex DeBrincat.
17:47 of 3rd period - Stopped by Craig Anderson with a rebound.
17:49 of 3rd period - Snap shot by Reilly Smith.
17:49 of 3rd period - Stopped by Craig Anderson with a rebound.
17:51 of 3rd period - Wrist shot by Reilly Smith.
17:51 of 3rd period - Shot Misses the Net.
17:53 of 3rd period - Snap shot by Alex DeBrincat.
17:53 of 3rd period - Shot Misses the Net.
18:16 of 3rd period - Snap shot by Nathan MacKinnon.
18:16 of 3rd period - Shot Misses the Net.
18:53 of 3rd period - Minor Penalty to Thomas Hickey for Hooking.
18:54 of 3rd period - Cal O'Reilly wins face-off versus Nathan MacKinnon in Devils zone.
19:04 of 3rd period - Slapshot by Josh Morrissey.
19:04 of 3rd period - Stopped by Jaroslav Halak without a rebound.
19:05 of 3rd period - Zack Smith wins face-off versus Nathan MacKinnon in Devils zone.
Goals for this period are 1 for Jets vs 1 for Devils.
Shots for this period are 9 for Jets vs 17 for Devils. Output by the SimonT Hockey Simulator (STHS) for Alexandre Lamarre - Original Page W3C HTML5 Valid
Hockey Simulator - Hockey Simulation - Hockey Manager